Map: 匹昂台地

Players

Quail - Winner!

  • Race: Protoss Protoss
  • League: Platinum

兔子老虎

  • Race: Protoss Protoss
  • League: Diamond

VOD

Have the link to the VOD?

Description

Time

  • Played on: Dec. 3, 2015, 11:03 p.m.
  • Length: 13:11
Show
View Real Time Build Order
Export as new Build Order

Quail Protoss - Winner!

Build Orders: 1 Gate Expand 

Get SALT Encoding   

  12  0:01  Probe (Chrono Boost)  
  13  0:11  Probe (Chrono Boost)  
  14  0:18  Pylon  
  14  0:22  Probe (Chrono Boost)  
  15  0:36  Probe (Chrono Boost)  
  15  0:38  Gateway  
  16  0:43  Assimilator  
  16  0:47  Probe (Chrono Boost)  
  17  0:57  Probe (Chrono Boost)  
  18  1:08  Probe (Chrono Boost)  
  19  1:21  Nexus  
  19  1:31  Cybernetics Core  
  19  1:35  Probe (Chrono Boost)  
  20  1:42  Assimilator  
  20  1:46  Probe (Chrono Boost)  
  21  1:52  Pylon  
  21  1:59  Probe (Chrono Boost)  
  22  2:10  Stalker (Chrono Boost), Probe (Chrono Boost)  
  25  2:17  Warp Gate  
  25  2:20  Probe (Chrono Boost)  
  26  2:31  Probe  
  27  2:40  Stalker (Chrono Boost), Probe  
  27  2:43  Probe  
  31  2:50  Gateway  
  31  2:51  Probe  
  31  2:55  Probe  
  33  3:01  Probe  
  34  3:08  Mothership Core  
  34  3:09  Stalker (Chrono Boost)  
  34  3:12  Probe  
  39  3:21  Pylon  
  39  3:22  Probe  
  40  3:29  Probe  
  40  3:33  Probe  
  40  3:42  Probe  
  40  3:45  Stalker (Chrono Boost)  
  40  3:47  Probe, Robotics Facility  
  43  3:54  Stalker (Chrono Boost), Probe  
  47  3:58  Probe  
  48  4:06  Probe  
  48  4:08  Probe  
  49  4:11  Assimilator  
  49  4:15  Assimilator  
  50  4:17  Pylon  
  50  4:18  Probe  
  50  4:20  Pylon  
  50  4:21  Twilight Council  
  51  4:24  Gateway  
  51  4:29  Probe  
  51  4:30  Probe  
  53  4:34  Observer (Chrono Boost)  
  54  4:38  Pylon  
  54  4:39  Probe  
  54  4:42  Probe  
  56  4:47  Pylon  
  56  4:50  Probe  
  57  4:54  Gateway, Probe  
  58  5:00  Gateway x2  
  58  5:02  Observer (Chrono Boost)  
  59  5:12  Blink (Chrono Boost)  
  59  5:20  Observer (Chrono Boost)  
  60  5:30  Forge  
  60  5:33  Stalker x2  
  60  5:34  Stalker  
  66  5:39  Pylon, Warp Prism (Chrono Boost)  
  64  5:59  Stalker x2  
  68  6:06  Photon Cannon  
  68  6:07  Photon Cannon  
  68  6:11  Nexus  
  68  6:14  Pylon  
  68  6:15  Pylon  
  68  6:19  Robotics Bay  
  65  6:46  Probe  
  65  6:48  Immortal (Chrono Boost)  
  65  6:52  Stalker x3  
  76  6:58  Probe  
  76  6:59  Probe  
  78  7:07  Pylon  
  78  7:10  Probe  
  78  7:11  Stalker, Probe  
  82  7:19  Robotics Facility  
  82  7:22  Probe  
  83  7:25  Stalker  
  85  7:37  Stalker x2  
  83  7:46  Disruptor  
  83  7:47  Stalker x3  
  90  7:57  Stalker  
  92  7:59  Probe x2  
  92  8:02  Gateway  
  94  8:08  Templar Archives  
  94  8:09  Disruptor  
  95  8:20  Stalker x2  
  99  8:34  Adept x4  
  97  8:37  Probe  
  97  8:38  Probe x2  
  104  8:43  Stargate  
  104  8:46  Stargate  
  104  8:47  Psionic Storm  
  104  8:50  Probe, High Templar x2  
  109  8:59  Warp Prism  
  111  9:03  Zealot x2  
  111  9:05  Zealot  
  115  9:12  Probe  
  115  9:13  Probe x2  
  115  9:15  Assimilator  
  118  9:19  Assimilator  
  118  9:21  Pylon  
  118  9:22  Probe  
  118  9:24  Pylon  
  119  9:25  Probe x2  
  121  9:40  Phoenix  
  121  9:41  Phoenix  
  125  9:45  Fleet Beacon  
  125  9:46  Probe x2, Photon Cannon  
  127  9:57  Adept x4  
  125  10:06  High Templar x2  
  125  10:07  High Templar  
  125  10:09  Zealot x4  
  135  10:15  Phoenix  
  137  10:24  Probe  
  138  10:35  Nexus  
  138  10:37  Pylon  
  138  10:39  Pylon  
  138  10:41  Pylon  
  138  10:43  Pylon  
  138  10:46  Pylon  
  138  10:51  Stargate  
  138  10:56  Tempest x2 (Chrono Boost), Zealot  
  148  10:57  Zealot  
  148  10:58  Zealot x2  
  154  11:08  Protoss Air Weapons Level 1  
  154  11:23  Adept x2  
  154  11:24  Adept x4  
  166  11:33  Tempest (Chrono Boost)  
  166  11:35  Tempest (Chrono Boost)  
  166  11:36  Assimilator  
  166  11:39  Assimilator  
  174  11:42  Photon Cannon  
  174  11:44  Photon Cannon  
  174  11:48  Photon Cannon  
  174  11:49  Tempest (Chrono Boost)  
  174  11:53  High Templar  
  180  12:05  Probe x2  
  182  12:10  Tempest (Chrono Boost)  
  182  12:13  High Templar  
  188  12:18  Archon  
  188  12:19  High Templar  
  194  12:30  Pylon  
  194  12:33  Tempest (Chrono Boost)  
  145  12:57  Stalker  
  145  12:58  Stalker x4  
Show
View Real Time Build Order
Export as new Build Order

兔子老虎 Protoss 

Build Orders: 1 Gate Expand 

Get SALT Encoding   

  12  0:01  Probe (Chrono Boost)  
  13  0:12  Probe (Chrono Boost)  
  14  0:21  Pylon  
  14  0:26  Probe (Chrono Boost)  
  15  0:39  Probe (Chrono Boost)  
  16  0:43  Gateway  
  17  0:50  Probe (Chrono Boost)  
  17  1:00  Probe (Chrono Boost)  
  17  1:01  Assimilator  
  18  1:11  Probe (Chrono Boost)  
  19  1:27  Nexus  
  19  1:36  Cybernetics Core  
  19  1:39  Probe (Chrono Boost)  
  20  1:45  Pylon  
  20  1:50  Assimilator  
  20  1:52  Probe (Chrono Boost)  
  22  2:08  Probe (Chrono Boost)  
  22  2:13  Stalker  
  24  2:19  Probe (Chrono Boost)  
  25  2:29  Mothership Core (Chrono Boost)  
  27  2:31  Warp Gate (Chrono Boost)  
  26  2:45  Probe  
  26  2:48  Adept  
  26  2:50  Probe  
  30  2:54  Robotics Facility  
  30  2:56  Probe  
  31  3:04  Pylon  
  31  3:06  Probe  
  31  3:07  Probe  
  33  3:17  Probe  
  33  3:18  Probe  
  35  3:21  Gateway  
  35  3:31  Probe  
  35  3:32  Probe  
  37  3:34  Stalker  
  39  3:43  Gateway  
  39  3:45  Probe  
  38  3:49  Probe  
  39  3:57  Probe, Observer  
  39  4:02  Stargate  
  41  4:15  Probe  
  40  4:18  Assimilator  
  40  4:20  Stalker x2  
  44  4:27  Pylon  
  44  4:32  Probe x2  
  44  4:36  Immortal  
  44  4:37  Pylon  
  50  4:43  Probe  
  50  4:44  Probe  
  52  4:49  Oracle (Chrono Boost)  
  55  4:56  Probe  
  55  4:58  Stalker, Probe  
  59  5:08  Probe x2  
  61  5:15  Stalker  
  63  5:26  Probe, Void Ray (Chrono Boost)  
  63  5:27  Probe  
  69  5:29  Observer  
  69  5:33  Assimilator  
  70  5:37  Pylon  
  70  5:39  Pylon  
  70  5:42  Pylon  
  70  5:53  Probe  
  70  5:55  Probe  
  72  6:03  Stargate  
  72  6:04  Probe  
  72  6:07  Probe  
  72  6:08  Void Ray (Chrono Boost)  
  78  6:14  Probe  
  78  6:18  Forge  
  79  6:25  Immortal, Probe  
  83  6:27  Probe  
  85  6:39  Probe  
  85  6:41  Probe  
  91  6:47  Void Ray (Chrono Boost)  
  91  6:55  Pylon  
  91  6:57  Pylon  
  91  7:01  Photon Cannon  
  92  7:10  Void Ray (Chrono Boost), Zealot  
  94  7:25  Void Ray (Chrono Boost)  
  94  7:27  Nexus  
  102  7:30  Immortal, Gateway  
  98  7:53  Probe  
  98  7:56  Void Ray (Chrono Boost)  
  99  8:06  Stargate  
  99  8:07  Pylon  
  99  8:08  Pylon  
  99  8:10  Void Ray (Chrono Boost)  
  103  8:14  Pylon  
  102  8:25  Immortal  
  106  8:28  Photon Cannon  
  108  8:37  Twilight Council  
  108  8:38  Void Ray (Chrono Boost)  
  108  8:39  Probe  
  108  8:40  Probe  
  108  8:41  Probe  
  111  8:50  Assimilator  
  111  8:53  Probe  
  112  8:58  Assimilator  
  112  9:00  Photon Cannon  
  112  9:04  Pylon, Photon Cannon  
  112  9:11  Pylon  
  112  9:13  Charge (Chrono Boost)  
  112  9:15  Zealot x3  
  112  9:16  Zealot  
  120  9:21  Void Ray  
  120  9:22  Gateway  
  120  9:27  Void Ray, Pylon  
  120  9:30  Probe  
  129  9:41  Protoss Air Weapons Level 1 (Chrono Boost)  
  129  9:47  Fleet Beacon  
  129  9:48  Zealot x2  
  129  9:51  Zealot x2  
  137  10:06  Void Ray (Chrono Boost)  
  137  10:07  Photon Cannon  
  137  10:08  Protoss Shields Level 1  
  137  10:12  Photon Cannon  
  141  10:14  Photon Cannon  
  141  10:30  Carrier (Chrono Boost)  
  141  10:32  Carrier (Chrono Boost)  
  153  10:47  Carrier (Chrono Boost)  
  153  10:56  Pylon  
  159  10:58  Nexus  
  159  11:01  Gateway  
  159  11:03  Pylon  
  159  11:06  Graviton Catapult  
  159  11:10  Pylon  
  157  11:24  Pylon  
  157  11:26  Stalker x2, Assimilator  
  157  11:27  Stalker x3  
  167  11:33  Probe  
  168  11:42  Dark Shrine  
  168  11:51  Gateway  
  168  11:55  Gateway  
  168  11:56  Photon Cannon  
  168  11:59  Assimilator  
  168  12:00  Tempest  
  172  12:06  Void Ray  
  176  12:23  Probe x2  
  176  12:25  Photon Cannon  
  84  13:07  Stalker x4  
Tags
 
Add a new tag
Caveats
  • Supply blocks, unpowered buildings, or Contaminate may cause inaccurate times.
  • Supply counts are checked every 10 seconds.